 Dungeon Crawl Stone Soup version 0.25.0-33-gff14898491 (webtiles) character file.

Game seed: 10788467821125674030

4813 Ethylacetat the Transmogrifier (level 10, -1/91 HPs)
             Began as a Naga Transmuter on July 6, 2020.
             Was a Priest of Cheibriados.
             Slain by Harold
             ... wielding a +1 halberd of venom
              (11 damage)
             ... on level 7 of the Dungeon.
             The game lasted 00:50:09 (10135 turns).

Ethylacetat the Transmogrifier (Naga Transmuter)   Turns: 10135, Time: 00:50:10

Health: -1/91      AC:  2    Str: 24    XL:     10   Next: 48%
Magic:  28/28      EV: 19    Int: 26    God:    Cheibriados [***...]
Gold:   86         SH:  0    Dex: 21    Spells: 12/21 levels left

rFire    + . .     SeeInvis +     - Unarmed
rCold    + . .     Gourm    .   (shield currently unavailable)
rNeg     + . .     Faith    .   (armour currently unavailable)
rPois    x         Spirit   .   (helmet currently unavailable)
rElec    .         Reflect  .   (cloak currently unavailable)
rCorr    .         Harm     .   (gloves currently unavailable)
MR       +++..     Clarity  +   (no barding)
Stlth    ++........             U - amulet of the Four Winds {rN+ MR+++ Clar}
HPRegen  0.25/turn              Z - ring "Azuireeph" {Fire +Fly MR- MP+9 Slay+3}
MPRegen  0.21/turn              V - ring "Weom" {rC++ Int+6 Dex-2 Slay+3}

@: lethally poisoned (-1 -> -60), spider-form, studying Ice Magic, very slow
A: tiny, see invisible, blink, slow metabolism 1, spit poison 1, AC +3
a: Spit Poison, End Transformation, Blink, Bend Time, Temporal Distortion,
Renounce Religion, Evoke Flight


You were on level 7 of the Dungeon.
You worshipped Cheibriados.
Cheibriados was most pleased with you.
You were hungry.
You were a venomous arachnid creature.
You visited 2 branches of the dungeon, and saw 8 of its levels.
You also visited: Ossuary.

You collected 231 gold pieces.
You spent 145 gold pieces at shops.

Inventory:

Hand Weapons
 v - a +0 longbow
Missiles
 a - 208 arrows
Armour
 y - a +1 pair of gloves (melded)
 H - a +2 robe (melded)
 P - a +1 robe of fire resistance
Jewellery
 U - the amulet of the Four Winds (around neck) {rN+ MR+++ Clar}
   (You found it on level 7 of the Dungeon)

   [amulet of nothing]

   It protects you from negative energy.
   It affects your resistance to hostile enchantments.
   It protects you against confusion.
 V - the ring "Weom" (right front leg) {rC++ Int+6 Dex-2 Slay+3}
   (You took it off a crimson imp on level 7 of the Dungeon)

   [ring of intelligence]

   It affects your intelligence (+6).
   It affects your dexterity (-2).
   It affects your accuracy and damage with ranged weapons and melee attacks
   (+3).
   It greatly protects you from cold.
 Y - the ring of Fudwet {rF+ Str+3 Stlth+}
   (You found it on level 7 of the Dungeon)

   [ring of stealth]

   It affects your strength (+3).
   It protects you from fire.
   It makes you more stealthy.
 Z - the ring "Azuireeph" (left front leg) {Fire +Fly MR- MP+9 Slay+3}
   (You found it on level 7 of the Dungeon)

   [ring of fire]

   It enhances your fire magic.
   It affects your accuracy and damage with ranged weapons and melee attacks
   (+3).
   It protects you from fire.
   It makes you vulnerable to cold.
   It affects your resistance to hostile enchantments.
   It affects your magic capacity (+9).
   It lets you fly.
Wands
 k - a wand of paralysis (11)
 F - a wand of acid (17)
 I - a wand of polymorph (8)
 T - a wand of enslavement (4)
Scrolls
 b - a scroll of enchant weapon {unknown}
 c - 3 scrolls of noise {unknown}
 g - 2 scrolls of amnesia {unknown}
 j - 2 scrolls of blinking {unknown}
 n - 2 scrolls of magic mapping {unknown}
 o - 2 scrolls of fear {unknown}
 p - 8 scrolls of identify {unknown}
 u - 5 scrolls of teleportation {unknown}
 w - 3 scrolls of fog {unknown}
 A - a scroll of vulnerability {unknown}
 D - 7 scrolls of remove curse {unknown}
 G - a scroll of torment {unknown}
 M - 2 scrolls of enchant armour {unknown}
 R - 2 scrolls of immolation {unknown}
Potions
 e - a potion of magic {unknown}
 f - a potion of mutation
 h - 2 potions of lignification {unknown}
 l - a potion of flight {unknown}
 m - 2 potions of might {unknown}
 q - a potion of resistance {unknown}
 r - 2 potions of ambrosia {unknown}
 s - 2 potions of invisibility {unknown}
 t - 2 potions of heal wounds {unknown}
 x - 3 potions of stabbing {unknown}
 z - a potion of curing {unknown}
 C - a potion of cancellation {unknown}
 O - 2 potions of brilliance {unknown}
 S - a potion of degeneration {unknown}
Books
 K - a manual of Ice Magic
Comestibles
 d - 7 rations


   Skills:
 + Level 6.3 Fighting
 - Level 1.5 Dodging
 + Level 7.0 Unarmed Combat
 + Level 6.2 Spellcasting
 * Level 8.7 Transmutations
 + Level 4.2 Ice Magic
 - Level 4.1 Poison Magic
 * Level 4.0 Invocations


You had 12 spell levels left.
You knew the following spells:

 Your Spells              Type           Power        Failure   Level  Hunger
a - Beastly Appendage     Tmut           ######       2%          1    None
b - Spider Form           Tmut/Pois      #####.....   6%          3    None
c - Blade Hands           Tmut           ######....   16%         5    #####..

Your spell library contained the following spells:

 Spells                   Type           Power        Failure   Level  Hunger
 Sticks to Snakes         Tmut           ######..     2%          2    None
 Ice Form                 Ice/Tmut       #####...     14%         4    ###....


Dungeon Overview and Level Annotations

Branches:
Dungeon (7/15)             Temple (1/1) D:4         Ossuary (visited)

Altars:
Ashenzari
Cheibriados
Dithmenos
Elyvilon
Fedhas
Gozag
Hepliaklqana
Kikubaaqudgha
Makhleb
Nemelex Xobeh
Okawaru
Qazlal
Ru
Trog
Uskayaw
Vehumet
Xom
Yredelemnul
Zin
The Shining One

Shops:
D:4 *

Annotations:
D:7 Harold


Innate Abilities, Weirdness & Mutations

You cannot wear boots.
((Your serpentine skin is tough. (AC +3)))
You have supernaturally acute eyesight. (SInv)
((Armour fits poorly on your strangely shaped body.))
((Your system is resistant to poisons. (rPois)))
((You cover ground very slowly.))
You have a slow metabolism.
You can spit poison.
((You have a pair of small horns on your head.))
You can translocate small distances at will.


Message History

Harold is moderately wounded.
You feel sick.
Harold hits you with a +1 halberd of venom!
* * * LOW HITPOINT WARNING * * *
You are more poisoned.
You completely miss Harold.
Harold is moderately wounded.
* * * LOW HITPOINT WARNING * * *
You feel very sick. Harold misses you.
You bite Harold!
Harold looks as sick as possible!
Harold is heavily wounded.
* * * LOW HITPOINT WARNING * * *
You feel very sick.
It was a potion of mutation.
You feel extremely strange.
You feel jittery. A pair of horns grows on your head!
* * * LOW HITPOINT WARNING * * *
You feel very sick.
Harold hits you with a +1 halberd of venom!
You die...

........... #..#.##..#...#..
............. ##..#############
.............####................
........................#........
.................................
[........................#....p..
........ .............####.......
...........### #.......
......@s.### ##.###... .......(##
#.## #### ..#.....# #.# #......
### #.#.....# # ##....# ##.##. ##
#


You could see Harold (extremely poisoned).

Vanquished Creatures
  Pikel (D:7)
  Joseph (D:7)
  A troll (D:7)
  Grinder (D:3)
  Eustachio (D:4)
  Menkaure (Ossuary)
  A water moccasin (D:7)
  Duvessa (D:5)
  An orc warrior (D:7)
  2 ice beasts
  2 black bears (D:7)
  A necrophage (D:6)
  A sky beast (D:6)
  5 centaurs
  Blork the orc (D:5)
  4 bullfrogs
  An elf zombie (D:4)
  Dowan (D:5)
  4 scorpions
  A killer bee (D:7)
  2 howler monkeys
  7 wights
  3 crimson imps
  3 bullfrog skeletons
  3 hounds
  4 orc wizards
  3 orc priests
  2 centaur skeletons
  Ijyb (D:3)
  An iguana (D:7)
  6 worker ants
  A hound zombie (D:6)
  A hound skeleton (D:6)
  3 mummies (Ossuary)
  A worker ant zombie (D:7)
  4 gnolls (D:3)
  10 adders
  An ooze (D:4)
  An adder skeleton (D:4)
  4 worms (D:2)
  6 dart slugs
  8 leopard geckos
  19 orcs
  2 ball pythons
  9 bats
  8 giant cockroaches
  3 gnoll zombies (Ossuary)
  5 goblins
  11 hobgoblins
  26 jackals
  A quokka (D:7)
  A frilled lizard (D:1)
  4 gnoll skeletons (Ossuary)
  4 goblin skeletons (Ossuary)
  6 goblin zombies (Ossuary)
  A hobgoblin skeleton (Ossuary)
  5 hobgoblin zombies (Ossuary)
  A jackal skeleton (D:4)
  5 kobolds
  3 kobold skeletons (Ossuary)
  6 kobold zombies (Ossuary)
  8 orc skeletons
  4 orc zombies
  3 quokka skeletons
  6 rats
  7 rat skeletons (Ossuary)
  4 rat zombies (Ossuary)
259 creatures vanquished.

Vanquished Creatures (others)
  2 slaves (D:7)
  A centaur (D:7)
  2 quasits (D:7)
  An adder zombie (D:7)
6 creatures vanquished.

Grand Total: 265 creatures vanquished

Notes
Turn   | Place    | Note
-------+----------+-------------------------------------------
     0 | D:1      | Ethylacetat the Naga Transmuter began the quest for the
                  | Orb.
     0 | D:1      | Reached XP level 1. HP: 18/18 MP: 3/3
   128 | D:1      | Reached XP level 2. HP: 15/25 MP: 5/5
   623 | D:1      | Reached XP level 3. HP: 27/31 MP: 6/6
  1166 | D:2      | Found a blossoming altar of Fedhas.
  1527 | D:2      | Reached XP level 4. HP: 39/39 MP: 7/7
  1565 | D:2      | Learned a level 3 spell: Spider Form
  1980 | D:2      | Reached skill level 1 in Poison Magic
  2389 | D:2      | Reached XP level 5. HP: 36/45 MP: 9/9
  2543 | D:3      | Noticed Ijyb
  2734 | D:3      | Paralysed by Ijyb for 3 turns
  2750 | D:3      | Killed Ijyb
  2750 | D:3      | Reached skill level 3 in Transmutations
  3531 | D:3      | Reached XP level 6. HP: 54/55 MP: 6/10
  3577 | D:3      | Found a stormy altar of Qazlal.
  3652 | D:3      | Noticed Grinder
  3684 | D:3      | Killed Grinder
  3684 | D:3      | Reached XP level 7. HP: 31/62 MP: 7/12
  4184 | D:4      | Found Tiggewn's Assorted Antiques.
  4465 | D:4      | Reached skill level 4 in Transmutations
  4477 | D:4      | Found a sand-covered staircase.
  4484 | Ossuary  | Entered an ossuary
  4817 | Ossuary  | Noticed Menkaure
  4826 | Ossuary  | Killed Menkaure
  5217 | D:4      | Found a staircase to the Ecumenical Temple.
  5231 | D:4      | Reached XP level 8. HP: 72/72 MP: 11/14
  5238 | Temple   | Entered the Ecumenical Temple
  5283 | Temple   | Became a worshipper of Cheibriados the Contemplative
  5595 | D:4      | Reached skill level 5 in Transmutations
  5834 | D:5      | Entered Level 5 of the Dungeon
  5834 | D:5      | Noticed Eustachio
  5834 | D:5      | Noticed Duvessa
  5834 | D:5      | Noticed Dowan
  5850 | D:4      | Killed Eustachio
  5850 | D:4      | Reached skill level 5 in Unarmed Combat
  5987 | D:5      | Noticed Blork the orc
  5993 | D:5      | Killed Blork the orc
  6011 | D:5      | Killed Duvessa
  6019 | D:5      | Killed Dowan
  6214 | D:5      | Reached skill level 6 in Transmutations
  6253 | D:5      | Reached * piety under Cheibriados
  6317 | D:5      | Reached XP level 9. HP: 26/80 MP: 13/16
  6560 | D:5      | Learned a level 5 spell: Blade Hands
  6594 | D:5      | Reached skill level 5 in Spellcasting
  6667 | D:4      | Bought a scroll labeled MEFUG YMOLEA for 29 gold pieces
  6667 | D:4      | Bought a scroll labeled VAARCH MOAXT for 29 gold pieces
  6667 | D:4      | Bought a scroll labeled RIUFFE LIUXT for 29 gold pieces
  6667 | D:4      | Bought a scroll labeled VOR YG UKHLO for 29 gold pieces
  6667 | D:4      | Bought a scroll labeled YWUCYKK VIXOB for 29 gold pieces
  6808 | D:5      | Found an iron altar of Okawaru.
  6935 | D:5      | Reached skill level 5 in Fighting
  7289 | D:6      | Reached skill level 7 in Transmutations
  7693 | D:6      | Reached ** piety under Cheibriados
  8175 | D:6      | Reached skill level 1 in Ice Magic
  8180 | D:6      | Found a burning altar of Makhleb.
  8777 | D:7      | Reached skill level 1 in Invocations
  8900 | D:7      | Reached skill level 8 in Transmutations
  9009 | D:7      | Noticed Pikel
  9019 | D:7      | Killed Pikel
  9019 | D:7      | Reached XP level 10. HP: 26/91 MP: 18/18
  9393 | D:7      | Found the amulet of the Four Winds {rN+ MR+++ Clar}
  9393 | D:7      | Noticed Joseph
  9412 | D:7      | Reached *** piety under Cheibriados
  9420 | D:7      | Killed Joseph
  9675 | D:7      | Identified the amulet of Ruahig {Faith rPois MP+9 Dex-3
                  | SInv}
  9680 | D:7      | Identified the ring "Weom" {rC++ Int+6 Dex-2 Slay+3}
  9716 | D:7      | Got a pitted golden ring
  9718 | D:7      | Identified the ring of Fudwet {rF+ Str+3 Stlth+} (You found
                  | it on level 7 of the Dungeon)
  9728 | D:7      | Got a coiled copper ring
  9730 | D:7      | Identified the ring "Azuireeph" {Fire +Fly MR- MP+9 Slay+3}
                  | (You found it on level 7 of the Dungeon)
 10119 | D:7      | Noticed Harold
 10135 | D:7      | Gained mutation: You can translocate small distances at
                  | will. [potion of mutation]
 10135 | D:7      | Gained mutation: You have a pair of small horns on your
                  | head. [potion of mutation]
 10135 | D:7      | Slain by Harold

Illustrated notes

Levels and vault maps discovered:
D:1:      dpeg_arrival_more_subterranean_lakeside_camping, layout_basic
D:2:      layout_basic, fedhas_ov_isle_minmay
D:3:      layout_basic, grunt_qazlal_sundering, solitary_fountain, uniq_grinder,
          uniq_ijyb
D:4:      layout_basic, minmay_temple_entry_proselytizer, serial_shops, shop,
          nicolae_ossuary_entry_catacombs, kennysheep_crisscross
D:5:      layout_gridville, old_standard_altar, first_ration,
          minmay_misc_feat_roman, minmay_misc_feat_alley, glass_columns_b,
          uniq_blork_the_orc, uniq_eustachio, uniq_menkaure, uniq_duvessa
D:6:      layout_basic, nicolae_overflow_hidden_temple, minmay_manual_mares
D:7:      minmay_the_grid_triangle_9x9_rhombus_thin
          [minmay_the_grid_triangle_9x9_flanged_cone,
          minmay_the_grid_triangle_9x9_prize_special,
          minmay_the_grid_triangle_9x9_corrupted_corridor,
          minmay_the_grid_triangle_9x9_sprig], layout_layer_cave, uniq_joseph,
          uniq_harold, uniq_pikel
Temple:   kb_temple_of_zot

Skill      XL: |  1  2  3  4  5  6  7  8  9 10 |
---------------+-------------------------------+-----
Fighting       | 2 3 4 6 |  6.3
Poison Magic   | 1 3 4 |  4.1
Transmutations | 3 4 6 8 |  8.7
Spellcasting   | 3 4 5 6 |  6.2
Unarmed Combat | 4 5 6 7 |  7.0
Ice Magic      | 3 4 |  4.2
Invocations    | 2 4 |  4.0
Dodging        | |  1.5

Action                   |  1- 3 |  4- 6 |  7- 9 | 10-12 || total
-------------------------+-------+-------+-------+-------++-------
Melee: Unarmed           |   117 |   182 |   534 |    67 ||   900
       Punch             |       |       |     5 |     1 ||     6
 Cast: Spider Form       |       |     8 |    39 |     5 ||    52
 Abil: Spit Poison       |    12 |    30 |    22 |     6 ||    70
  Use: Potion            |       |       |       |     1 ||     1
 Stab: Sleeping          |       |       |     1 |     1 ||     2
  Eat: Chunk             |     2 |     7 |    11 |     2 ||    22
       Ration            |       |       |     2 |       ||     2
Armor: Robe              |    28 |    21 |    30 |     3 ||    82
       Skin              |       |     4 |     9 |     2 ||    15
Dodge: Dodged            |    93 |   182 |   429 |    66 ||   770
